[Event "ICC tourney 1904 (10 3)"]
[Site "Internet Chess Club"]
[Date "2020.07.05"]
[Round "7"]
[White "Aidenrchess"]
[Black "Benranger2011"]
[Result "0-1"]
[ICCResult "White checkmated"]
[WhiteElo "1430"]
[BlackElo "1477"]
[Opening "Ruy Lopez: Steinitz defense deferred (Russian defense)"]
[ECO "C79"]
[NIC "RL.12"]
[Time "15:44:03"]
[TimeControl "600+3"]

1. e4 e5 2. Nf3 Nc6 3. Bb5 a6 4. Ba4 Nf6 5. O-O d6 6. d3 Bd7 7. c3 h6 8. h3
Be7 9. Be3 O-O 10. Nbd2 b5 11. Bc2 b4 12. d4 bxc3 13. bxc3 Re8 14. Nc4 exd4
15. cxd4 Nb4 16. e5 Nfd5 17. a3 Nxc2 18. Qxc2 Be6 19. Rac1 Rc8 20. Rfd1 Qd7
21. exd6 cxd6 22. Qe2 Qb5 23. Nfd2 Nb6 24. Rb1 Bxc4 25. Nxc4 Qxc4 26. Qg4
Nd5 27. Bxh6 g6 28. Rbc1 Nc3 29. Bd2 Ne2+ 30. Kh2 Nxc1 31. Rxc1 Qd3 32. Rxc8
Rxc8 33. Qxc8+ Kg7 34. Be3 Qxa3 35. Qd7 Bf6 36. g4 Qb4 37. Qa7 a5 38. g5 Bd8
39. d5 Qe4 40. Qd7 Qe5+ 41. Kg1 Bxg5 42. Bxg5 Qxg5+ 43. Kh2 Qxd5 44. Qa4 Qd2
45. Kg2 Qb4 46. Qa1+ Kg8 47. Qc1 a4 48. h4 a3 49. h5 a2 50. Qc8+ Kg7 51. h6+
Kh7 52. Qf8 Qg4+ 53. Kh2 a1=Q 54. Qxf7+ Kxh6 55. Qf8+ Kh5 56. Qf3 Qg1#
{White checkmated}
0-1

[Event "ICC tourney 1904 (10 3)"]
[Site "Internet Chess Club"]
[Date "2020.07.05"]
[Round "7"]
[White "Mitochondria"]
[Black "wildrumpus"]
[Result "1-0"]
[ICCResult "Black resigns"]
[WhiteElo "1221"]
[BlackElo "1291"]
[Opening "Nimzo-Indian: classical variation"]
[ECO "E32"]
[NIC "NI.20"]
[Time "15:43:11"]
[TimeControl "600+3"]

1. d4 Nf6 2. c4 e6 3. Nc3 Bb4 4. Qc2 O-O 5. a3 Bxc3+ 6. Qxc3 b6 7. Nf3 Bb7
8. e3 c5 9. Be2 Ne4 10. Qc2 f5 11. O-O Nc6 12. dxc5 Nxc5 13. Rd1 Qf6 14. b4
Ne4 15. Bb2 Qg6 16. Rxd7 Rf7 17. Rad1 Rc8 18. Ne5 Nxe5 19. Bxe5 Nc5 20. Rd8+
Rf8 21. Rxf8+ Rxf8 22. f3 Ne4 23. Rd7 Rf7 24. Rd8+ Rf8 25. Qd3 Nf6 26. Rxf8+
Kxf8 27. Qd8+ Qe8 28. Bxf6 gxf6 29. Qxf6+ Kg8 30. Qg5+ Kh8 31. Qf6+ Kg8 32.
Qd4 Ba6 33. Bd3 Qa4 34. Qc3 Qd1+ 35. Bf1 b5 36. c5 Bb7 37. c6 Bc8 38. c7 a5
39. Qf6 axb4 40. Qd8+ {Black resigns} 1-0

[Event "ICC tourney 1904 (10 3)"]
[Site "Internet Chess Club"]
[Date "2020.07.05"]
[Round "7"]
[White "mrneale"]
[Black "CastledQueen"]
[Result "0-1"]
[ICCResult "White resigns"]
[WhiteElo "1314"]
[BlackElo "1490"]
[Opening "King's Indian: London system"]
[ECO "A48"]
[NIC "QP.06"]
[Time "15:44:03"]
[TimeControl "600+3"]

1. d4 Nf6 2. Nf3 g6 3. Bf4 d6 4. e3 Bg7 5. Bd3 c6 6. Nbd2 Nbd7 7. h3 Qc7 8.
O-O O-O 9. Re1 Re8 10. c3 e5 11. dxe5 dxe5 12. Bh2 b5 13. Ne4 Nd5 14. a3 f5
15. Ned2 Qd6 16. Nd4 Qf6 17. Ne2 e4 18. Bc2 Ne5 19. Bb3 Be6 20. Nd4 Bf7 21.
Bxe5 Rxe5 22. c4 bxc4 23. Nxc4 Ree8 24. Na5 c5 25. Ndc6 Nb6 26. Bxf7+ Qxf7
27. Rb1 Rac8 28. Qc2 c4 29. b3 c3 30. b4 Nc4 31. Qb3 Nd2 32. Qxf7+ Kxf7 33.
Rbc1 Re6 34. Nd4 Rb6 35. Rc2 f4 36. Rec1 fxe3 37. fxe3 Bxd4 38. exd4 Rd6 39.
Rxc3 Rxc3 40. Rxc3 Rxd4 41. Rc7+ Ke6 42. Rxa7 e3 43. Ra6+ Kf5 44. Nc6 Re4
45. Ra5+ Kf4 46. Ra8 e2 47. Rf8+ Ke3 48. Rf3+ Nxf3+ 49. gxf3 e1=Q+
{White resigns}
0-1

[Event "ICC tourney 1904 (10 3)"]
[Site "Internet Chess Club"]
[Date "2020.07.05"]
[Round "7"]
[White "PhaseShift"]
[Black "clair"]
[Result "1-0"]
[ICCResult "Black checkmated"]
[WhiteElo "1518"]
[BlackElo "1313"]
[Opening "Modern defense"]
[ECO "A40"]
[NIC "QO.17"]
[Time "15:43:35"]
[TimeControl "600+3"]

1. d4 g6 2. Nf3 Bg7 3. g3 d6 4. Bg2 Nc6 5. O-O e6 6. c4 Nge7 7. Nc3 O-O 8.
e4 d5 9. cxd5 exd5 10. e5 Bg4 11. Be3 Qc8 12. Qd2 Nf5 13. Nxd5 Rd8 14. Nf6+
Bxf6 15. exf6 Bxf3 16. Bxf3 Nfxd4 17. Bxd4 Nxd4 18. Qh6 Nf5 19. Qf4 Rd4 20.
Qc1 Qe6 21. Qxc7 Qxf6 22. Qxb7 Rad8 23. Rad1 Qb6 24. Qxb6 axb6 25. Rxd4 Nxd4
26. Bd1 Kf8 27. Re1 Ra8 28. Re4 Ne6 29. a3 Rd8 30. Ba4 Rd2 31. Rb4 Nc5 32.
Bb5 Ke7 33. Bf1 Rd6 34. Kg2 h5 35. h4 Kd7 36. Rf4 f5 37. b4 Ne6 38. Bb5+ Kc7
39. Rc4+ Kb7 40. Ba4 Rd3 41. Bc6+ Ka7 42. Be8 Nf8 43. Rc7+ Ka6 44. b5+ Ka5
45. Ra7# {Black checkmated} 1-0

[Event "ICC tourney 1904 (10 3)"]
[Site "Internet Chess Club"]
[Date "2020.07.05"]
[Round "7"]
[White "wolfemonster"]
[Black "christopherelam"]
[Result "1-0"]
[ICCResult "Black checkmated"]
[WhiteElo "1514"]
[BlackElo "1365"]
[Opening "Dutch defense"]
[ECO "A40"]
[NIC "QO.17"]
[Time "15:43:33"]
[TimeControl "600+3"]

1. d4 e6 2. c4 f5 3. Nf3 c6 4. g3 d5 5. Bg2 Nf6 6. O-O Be7 7. Ne5 Nbd7 8.
Bf4 Nxe5 9. Bxe5 h5 10. h4 Bd6 11. Bxd6 Qxd6 12. Nd2 Ne4 13. c5 Qc7 14. Nf3
Bd7 15. Ne5 O-O 16. e3 Be8 17. Re1 Nf6 18. Nf3 Ne4 19. Ne5 b6 20. b4 a5 21.
a3 axb4 22. axb4 Rxa1 23. Qxa1 bxc5 24. bxc5 Nxc5 25. dxc5 Bf7 26. Rb1 Rc8
27. Rb6 Qe7 28. Qc3 Qe8 29. Qb4 Kh7 30. Rb7 Bg8 31. Qd4 Qf8 32. Nf3 Kh8 33.
Ng5 Ra8 34. Bf3 Rb8 35. Rxb8 Qxb8 36. Bxh5 Qb1+ 37. Kg2 Qe1 38. Qe5 Qa5 39.
Nxe6 Bxe6 40. Qxe6 Qxc5 41. Qe8+ Kh7 42. Bg6+ Kh6 43. Bxf5 g6 44. Qxg6#
{Black checkmated}
1-0

[Event "ICC tourney 1904 (10 3)"]
[Site "Internet Chess Club"]
[Date "2020.07.05"]
[Round "7"]
[White "JGroder"]
[Black "Viking21"]
[Result "1/2-1/2"]
[ICCResult "White stalemated"]
[WhiteElo "1469"]
[BlackElo "1510"]
[Opening "Alekhine's defense: Scandinavian variation"]
[ECO "B02"]
[NIC "AL.10"]
[Time "15:43:16"]
[TimeControl "600+3"]

1. e4 Nf6 2. Nc3 d5 3. exd5 Nxd5 4. Nf3 Nxc3 5. dxc3 Qxd1+ 6. Kxd1 g6 7. Bf4
c6 8. Bc4 Bg7 9. Ke2 b5 10. Bd3 Nd7 11. Rhd1 e5 12. Be3 f5 13. Ng5 Nf6 14.
Kf1 h6 15. Nh3 f4 16. Bxg6+ Ke7 17. Bd2 f3 18. Ng1 fxg2+ 19. Kxg2 Rd8 20. f3
Be6 21. a3 Kf8 22. Be3 Rd5 23. Rxd5 Bxd5 24. Kf2 e4 25. Bc5+ Kg8 26. Re1
exf3 27. Nxf3 Ng4+ 28. Kg3 Bxf3 29. Re8+ Rxe8 30. Bxe8 Bd1 31. Bxc6 Be5+ 32.
Kh4 Nxh2 33. Bxa7 Kg7 34. Bd4 Bxd4 35. cxd4 Nf3+ 36. Kg3 Nxd4 37. Be4 Bxc2
38. Bd5 Kf6 39. Kg4 Bd1+ 40. Kh4 Ke5 41. Bg2 Kf4 42. Bb7 Bf3 43. Bc8 Nf5+
44. Kh3 Ne3 45. Bd7 Bg4+ 46. Bxg4 Nxg4 47. b3 Kg5 48. a4 bxa4 49. bxa4 Ne5
50. a5 Nc6 51. a6 h5 52. Kg3 h4+ 53. Kh3 Kh5 54. Kg2 Kg4 55. Kh2 h3 56. Kg1
Kg3 57. Kh1 Na7 58. Kg1 Nb5 59. Kh1 Na7 60. Kg1 Nc6 61. Kh1 Na7 62. Kg1 Kg4
63. Kh1 Kg3 64. Kg1 Nc8 65. Kh1 Na7 66. Kg1 Nc6 67. Kh1 h2 68. a7 Nxa7
{White stalemated}
1/2-1/2

[Event "ICC tourney 1904 (10 3)"]
[Site "Internet Chess Club"]
[Date "2020.07.05"]
[Round "7"]
[White "kralj8"]
[Black "IndianTerritory"]
[Result "0-1"]
[ICCResult "White checkmated"]
[WhiteElo "1606"]
[BlackElo "1678"]
[Opening "Caro-Kann: two knights variation"]
[ECO "B11"]
[NIC "CK.01"]
[Time "15:43:16"]
[TimeControl "600+3"]

1. e4 c6 2. Nc3 d5 3. Nf3 Nf6 4. e5 Ne4 5. d4 Nxc3 6. bxc3 c5 7. Be2 c4 8.
Bg5 h6 9. Bh4 Qa5 10. Qd2 e6 11. O-O Ba3 12. Rab1 Nc6 13. Ne1 b5 14. f4 b4
15. Kh1 bxc3 16. Qe3 Bb4 17. f5 exf5 18. g4 f4 19. Qxf4 Be6 20. Qe3 Qxa2 21.
Ng2 Qxc2 22. Nf4 O-O 23. Nxe6 fxe6 24. Bf3 Qd3 25. Qf2 Nxd4 26. Rfd1 Qxf3+
27. Qxf3 Nxf3 28. Rxb4 Nxh4 29. Rb7 a5 30. Re7 Rfe8 31. Rd7 Nf3 32. Rb1 Nxe5
33. Rc7 Rab8 34. Rc1 Rf8 35. h3 Rf7 36. Rxf7 Kxf7 37. Kg2 Rb3 38. Kg3 Nd3
39. Rf1+ Ke7 40. g5 hxg5 41. h4 Nf4 42. hxg5 Nh5+ 43. Kg4 g6 44. Ra1 c2 45.
Rc1 Rc3 46. Kh4 a4 47. Kg4 d4 48. Kh4 d3 49. Rf1 d2 50. Rf6 d1=Q 51. Rxe6+
Kf7 52. Re7+ Kf8 53. Re8+ Kg7 54. Re7+ Kg8 55. Rg7+ Kf8 56. Rf7+ Ke8 57.
Re7+ Kd8 58. Re8+ Kc7 59. Rc8+ Kb6 60. Rc6+ Kb5 61. Rc5+ Kb4 62. Rb5+ Ka3
63. Rb3+ Ka2 64. Rb2+ Ka1 65. Ra2+ Kb1 66. Ra1+ Kb2 67. Ra2+ Kc1 68. Rxc2+
Qxc2 69. Kg4 Qg2+ 70. Kh4 Rh3# {White checkmated} 0-1

[Event "ICC tourney 1904 (10 3)"]
[Site "Internet Chess Club"]
[Date "2020.07.05"]
[Round "7"]
[White "SuperBlueSky"]
[Black "SamLightning"]
[Result "1-0"]
[ICCResult "Black resigns"]
[WhiteElo "1295"]
[BlackElo "1218"]
[Opening "Gr?nfeld: modern exchange variation"]
[ECO "D90"]
[NIC "GI.07"]
[Time "15:43:13"]
[TimeControl "600+3"]

1. d4 Nf6 2. c4 g6 3. Nc3 Bg7 4. Nf3 d5 5. cxd5 Nxd5 6. e4 Nxc3 7. bxc3 c5
8. Be3 Qa5 9. Qd2 Nc6 10. Rc1 cxd4 11. cxd4 Qxd2+ 12. Kxd2 O-O 13. Kc2 Rd8
14. d5 Ne5 15. Nxe5 Bxe5 16. f4 Bg7 17. Bb5 e5 18. dxe6 Bxe6 19. Kb1 a6 20.
Be2 Rac8 21. Rhd1 Rxd1 22. Rxd1 h5 23. Bd4 Rd8 24. Bxg7 Rxd1+ 25. Bxd1 Kxg7
26. Bb3 Bxb3 27. axb3 Kf6 28. Kc2 g5 29. g3 h4 30. Kc3 Ke6 31. Kc4 b6 32. b4
Kd6 33. Kd4 b5 34. e5+ Ke6 35. gxh4 gxh4 36. Ke4 h3 37. f5+ Kd7 38. Kd5 Kc7
39. Kc5 Kb7 40. e6 fxe6 41. fxe6 Kc7 42. e7 Kd7 43. Kb6 Kxe7 44. Kxa6 Kd6
45. Kxb5 Kd5 46. Ka6 Kc6 47. b5+ Kc7 48. Ka7 Kd6 49. b6 Ke5 50. b7
{Black resigns}
1-0

[Event "ICC tourney 1904 (10 3)"]
[Site "Internet Chess Club"]
[Date "2020.07.05"]
[Round "7"]
[White "harrislencz"]
[Black "Ghostrook"]
[Result "1-0"]
[ICCResult "Black resigns"]
[WhiteElo "1452"]
[BlackElo "1348"]
[Opening "French: Tarrasch, open variation"]
[ECO "C07"]
[NIC "FR.19"]
[Time "15:43:44"]
[TimeControl "600+3"]

1. e4 e6 2. d4 d5 3. Nd2 c5 4. exd5 Qxd5 5. Ngf3 Nf6 6. dxc5 Qxc5 7. Bd3 Bd6
8. O-O O-O 9. Qe2 Nbd7 10. Nb3 Qc7 11. h3 a6 12. Be3 Ne5 13. Nxe5 Bxe5 14.
c3 Bh2+ 15. Kh1 Bf4 16. Rad1 b5 17. Qf3 Nd5 18. Be4 Bxe3 19. fxe3 Bb7 20.
Nd4 Qd7 21. Rfe1 Rab8 22. Qg3 Qc7 23. Qxc7 Nxc7 24. Bxb7 Rxb7 25. Nb3 Nd5
26. e4 Nf6 27. Nc5 Ra7 28. Rd6 Rfa8 29. Red1 Kf8 30. Rb6 Ke8 31. Rdd6 Nd7
32. Nxd7 Rxd7 33. Rxa6 Rxd6 34. Rxa8+ Ke7 35. Rb8 Rd1+ 36. Kh2 Re1 37. Rxb5
Rxe4 38. b4 Rc4 39. a4 Rxc3 40. a5 Kd7 41. Rb7+ Rc7 42. Rb5 Kc6 43. Rc5+ Kb7
44. Rxc7+ Kxc7 45. Kg3 e5 46. Kf3 f5 47. Ke3 Kc6 48. Kd3 Kb5 49. Ke3 g5 50.
Kd3 h5 51. Ke3 h4 52. Kf3 e4+ 53. Ke3 g4 54. hxg4 fxg4 55. Kxe4 h3 56. gxh3
gxh3 57. Kf3 {Black resigns} 1-0

[Event "ICC tourney 1904 (10 3)"]
[Site "Internet Chess Club"]
[Date "2020.07.05"]
[Round "7"]
[White "mathewjiang"]
[Black "DEEEFENDER"]
[Result "1/2-1/2"]
[ICCResult "Game drawn by mutual agreement"]
[WhiteElo "1137"]
[BlackElo "1136"]
[Opening "Gr?nfeld: 5.e3"]
[ECO "D94"]
[NIC "GI.09"]
[Time "15:44:03"]
[TimeControl "600+3"]

1. d4 Nf6 2. c4 g6 3. Nc3 d5 4. Nf3 Bg7 5. e3 O-O 6. Be2 c6 7. O-O Nbd7 8.
b3 dxc4 9. Bxc4 Nb6 10. Be2 Nbd5 11. Bb2 Nxc3 12. Bxc3 Be6 13. Rc1 Ne4 14.
Bb2 Bd5 15. Nd2 f5 16. f3 Nf6 17. Bc4 b5 18. Bxd5+ cxd5 19. Qe2 a6 20. Ba3
Re8 21. Rc5 e5 22. dxe5 Rxe5 23. Rd1 Qe8 24. Rc3 Bh6 25. Nf1 Rd8 26. Bc5 f4
27. e4 dxe4 28. Rxd8 Qxd8 29. fxe4 Rxe4 30. Qf3 Qe8 31. Bf2 g5 32. Qd3 Bg7
33. Nd2 Re2 34. Qh3 g4 35. Qd3 Kh8 36. Rc7 g3 37. hxg3 fxg3 38. Bxg3 Ng4 39.
Nf3 h6 40. Rc8 Qxc8 41. Qxe2 Qc5+ 42. Bf2 Qc1+ 43. Qe1 Qxe1+ 44. Bxe1 Kg8
45. Bb4 Kf7 46. g3 Ke6 47. Kg2 Kd5 48. Ne1 Ne3+ 49. Kf3 Nf5 50. Nd3 Nd4+ 51.
Kf2 Nc2 52. g4 a5 53. Bxa5 Kd4 54. Nc1 b4 55. Ne2+ Kd3 56. Nf4+ Kc3 57. Ke2
Kb2 58. Kd2 Nd4 59. Bxb4 Kxa2 60. Bc3 Kxb3 61. Nh5 Be5 62. Kd3 Nc6 63. Bxe5
Nxe5+ 64. Ke4 Nxg4 65. Kf5 Ne3+ {Game drawn by mutual agreement} 1/2-1/2

[Event "ICC tourney 1904 (10 3)"]
[Site "Internet Chess Club"]
[Date "2020.07.05"]
[Round "7"]
[White "HenriVZ"]
[Black "StevChess01"]
[Result "0-1"]
[ICCResult "White checkmated"]
[WhiteElo "1421"]
[BlackElo "1376"]
[Opening "Sicilian: O'Kelly variation"]
[ECO "B28"]
[NIC "SI.43"]
[Time "15:43:12"]
[TimeControl "600+3"]

1. e4 c5 2. Nf3 a6 3. d4 cxd4 4. Nxd4 Nf6 5. Nc3 e5 6. Nb3 Bb4 7. f3 O-O 8.
Bd2 d6 9. Bc4 b5 10. Bd5 Nxd5 11. Nxd5 Bc5 12. Nxc5 dxc5 13. O-O Be6 14. Be3
Bxd5 15. Qxd5 Qxd5 16. exd5 c4 17. d6 Nc6 18. Rfd1 Rfd8 19. Rd2 Rd7 20. c3
f6 21. a4 b4 22. cxb4 Nxb4 23. Rc1 Rc8 24. Rc3 Kf7 25. b3 Ke6 26. Rxc4 Rxc4
27. bxc4 Rxd6 28. Rxd6+ Kxd6 29. Kf2 Nd3+ 30. Ke2 Nb2 31. c5+ Kd5 32. a5 Nc4
33. Bc1 Kxc5 34. f4 exf4 35. Bxf4 Nxa5 36. Kd3 Nc6 37. g4 Kd5 38. Kc3 g6 39.
h4 Ne5 40. g5 fxg5 41. hxg5 Ke4 42. Bc1 Nf3 43. Kb4 Kf5 44. Ka5 Nxg5 45.
Kxa6 h5 46. Ba3 h4 47. Bd6 Nf3 48. Kb5 h3 49. Kc4 h2 50. Bxh2 Nxh2 51. Kd3
Nf3 52. Ke2 Kf4 53. Kf2 g5 54. Kg2 g4 55. Kh1 Nd4 56. Kg2 g3 57. Kg1 Kf3 58.
Kh1 Kg4 59. Kg2 Nf5 60. Kg1 Kf3 61. Kh1 Nd4 62. Kg1 Ne2+ 63. Kf1 g2+ 64. Ke1
g1=Q+ 65. Kd2 Qd4+ 66. Kc2 Qc3+ 67. Kd1 Qb2 68. Ke1 Qc1# {White checkmated}
0-1

[Event "ICC tourney 1904 (10 3)"]
[Site "Internet Chess Club"]
[Date "2020.07.05"]
[Round "7"]
[White "andrewhzhang"]
[Black "saisneha"]
[Result "1-0"]
[ICCResult "Black resigns"]
[WhiteElo "1585"]
[BlackElo "1443"]
[Opening "Giuoco Piano"]
[ECO "C54"]
[NIC "IG.02"]
[Time "15:43:30"]
[TimeControl "600+3"]

1. e4 e5 2. Nf3 Nc6 3. Bc4 Bc5 4. c3 Nf6 5. d3 d6 6. a4 a5 7. Bb3 O-O 8. h3
h6 9. O-O Be6 10. Bc2 Re8 11. d4 exd4 12. cxd4 Bc4 13. dxc5 Bxf1 14. Qxf1
Nb4 15. Bb3 Nxe4 16. cxd6 Qxd6 17. Be3 Rad8 18. Nc3 Nc5 19. Bc4 Nc2 20. Nb5
Qc6 21. Nfd4 Nxd4 22. Nxd4 Qf6 23. Nb5 Na6 24. Qe2 c6 25. Nc3 Nb4 26. Re1
Nd5 27. Nxd5 cxd5 28. Bb5 Re6 29. Rd1 d4 30. Qd3 Red6 31. Bc1 Qe5 32. Bd2 b6
33. b4 axb4 34. Bxb4 Rf6 35. Re1 Qf5 36. Qd2 Re6 37. Rd1 Qd5 38. Qd3 Rf6 39.
Be7 Rc8 40. Bxf6 gxf6 41. Qxd4 Qxd4 42. Rxd4 Rc1+ 43. Kh2 Re1 44. Rd6 Re6
45. Rxe6 fxe6 46. Kg3 Kf7 47. Kf4 Ke7 48. Ke4 Kd6 49. f4 f5+ 50. Kd4 h5 51.
Be8 Ke7 52. Bxh5 {Black resigns} 1-0

[Event "ICC tourney 1904 (10 3)"]
[Site "Internet Chess Club"]
[Date "2020.07.05"]
[Round "7"]
[White "kaleblancman"]
[Black "gardemarin13"]
[Result "1-0"]
[ICCResult "Black resigns"]
[WhiteElo "1777"]
[BlackElo "1741"]
[Opening "Sicilian: Hungarian variation"]
[ECO "B27"]
[NIC "SI.43"]
[Time "15:43:17"]
[TimeControl "600+3"]

1. e4 c5 2. Nf3 g6 3. Bc4 Bg7 4. c3 e6 5. d4 cxd4 6. cxd4 d5 7. exd5 exd5 8.
Bb5+ Bd7 9. Bxd7+ Nxd7 10. O-O Ne7 11. Nc3 O-O 12. Bg5 Nb6 13. Qb3 f6 14.
Bd2 Nc6 15. a4 Qd7 16. Be3 Nc4 17. Rac1 Rfe8 18. Nxd5 Qxd5 19. Qxc4 Qxc4 20.
Rxc4 f5 21. Rfc1 Rad8 22. b4 Re4 23. h3 f4 24. Nd2 Rxe3 25. fxe3 fxe3 26.
Nf3 Nxd4 27. Nxd4 Bxd4 28. Kf1 Rf8+ 29. Ke1 Be5 30. Ke2 Rf7 31. Kxe3 g5 32.
R1c2 Bf4+ 33. Ke4 a6 34. h4 h6 35. hxg5 hxg5 36. Rc5 Kg7 37. g3 Re7+ 38. Kf5
Rf7+ 39. Kg4 Be3 40. Rc7 b6 41. Rxf7+ Kxf7 42. Rc3 Bd2 43. Rc6 Be3 44. a5
bxa5 45. bxa5 Ke7 46. Rxa6 {Black resigns} 1-0

[Event "ICC tourney 1904 (10 3)"]
[Site "Internet Chess Club"]
[Date "2020.07.05"]
[Round "7"]
[White "MagnumPI"]
[Black "hanslaw"]
[Result "1-0"]
[ICCResult "Black forfeits on time"]
[WhiteElo "1294"]
[BlackElo "1225"]
[Opening "Ruy Lopez: exchange, Keres variation"]
[ECO "C68"]
[NIC "RL.08"]
[Time "15:44:03"]
[TimeControl "600+3"]

1. e4 e5 2. Nf3 Nc6 3. Bb5 a6 4. Bxc6 dxc6 5. Nc3 Bd6 6. h3 Nf6 7. d3 h6 8.
a3 Be6 9. Be3 c5 10. O-O O-O 11. Ne2 Nd7 12. c3 f5 13. exf5 Bxf5 14. Ng3 Bh7
15. d4 cxd4 16. cxd4 exd4 17. Bxd4 c5 18. Bc3 Qc7 19. Qd5+ Kh8 20. Nh5 Nf6
21. Nxf6 gxf6 22. Qh5 Bf4 23. Rad1 Qg7 24. Nh4 Qg5 25. Qxg5 hxg5 26. Nf3 Kg8
27. Rd7 Be4 28. Re1 Bc6 29. Rdd1 Bxf3 30. gxf3 f5 31. Rd7 Rf7 32. Ree7 Rxe7
33. Rxe7 b5 34. Rg7+ Kf8 35. Rg6 c4 36. Rf6+ Ke7 37. Rxf5 Rf8 38. Bb4+ Bd6
39. Rxf8 Kxf8 40. Bxd6+ Kf7 41. Kf1 Ke6 42. Bb4 Kf5 43. Ke2 Kf4 44. Bd6+ Kf5
45. Ke3 Ke6 46. Bb4 Kf5 47. Bc3 {Black forfeits on time} 1-0

[Event "ICC tourney 1904 (10 3)"]
[Site "Internet Chess Club"]
[Date "2020.07.05"]
[Round "7"]
[White "atippa"]
[Black "xiaow"]
[Result "0-1"]
[ICCResult "White forfeits on time"]
[WhiteElo "1382"]
[BlackElo "1410"]
[Opening "Queen's pawn game, Chigorin variation"]
[ECO "A04"]
[NIC "QP.11"]
[Time "15:43:39"]
[TimeControl "600+3"]

1. Nf3 Nc6 2. d4 d5 3. c4 e6 4. g3 Nf6 5. cxd5 Nxd5 6. Bg2 Be7 7. Nc3 O-O 8.
O-O Bf6 9. e3 a6 10. Nxd5 exd5 11. b3 Bg4 12. Bb2 Ne7 13. Qc2 c6 14. h3 Bf5
15. Qd2 Qd7 16. Rad1 Bxh3 17. Ne5 Qe6 18. Kh2 Bg4 19. Nxg4 Qxg4 20. Rh1 Nf5
21. Bh3 Qg6 22. Bxf5 Qxf5 23. Kg2 Be7 24. Qe2 Bd6 25. Rh5 Qe4+ 26. f3 Qg6
27. f4 Rae8 28. Kf2 Rxe3 29. Kxe3 Re8+ 30. Re5 Bxe5 31. dxe5 Qxg3+ 32. Qf3
Qg6 33. Rh1 Qc2 34. Qh5 Qxb2 35. Qxh7+ Kf8 36. Qh8+ Ke7 37. Qxg7 d4+ 38. Kf3
Qc3+ 39. Kg4 Qc2 40. Qf6+ Kd7 41. Qxf7+ Re7 42. Qf5+ Qxf5+ 43. Kxf5 Rf7+ 44.
Ke4 Ke6 45. Rh6+ Ke7 46. Rd6 c5 {White forfeits on time} 0-1

[Event "ICC tourney 1904 (10 3)"]
[Site "Internet Chess Club"]
[Date "2020.07.05"]
[Round "7"]
[White "BobbyFissure"]
[Black "squaling"]
[Result "1/2-1/2"]
[ICCResult "Game drawn by repetition"]
[WhiteElo "1391"]
[BlackElo "1101"]
[Opening "KGD: Falkbeer counter-gambit"]
[ECO "C31"]
[NIC "KG.04"]
[Time "15:43:19"]
[TimeControl "600+3"]

1. e4 e5 2. f4 d5 3. exd5 exf4 4. Nf3 Qxd5 5. Nc3 Qd8 6. Bc4 Bd6 7. O-O Nf6
8. Re1+ Be7 9. Qe2 Nc6 10. h3 O-O 11. d3 Bc5+ 12. Kh1 Bd6 13. Bd2 Re8 14.
Ne4 Nxe4 15. dxe4 Bf5 16. Bd5 Qd7 17. Qc4 Be6 18. Bxc6 Qxc6 19. Qxc6 bxc6
20. e5 Bc5 21. Bxf4 Rab8 22. b3 Bf5 23. c4 Bb4 24. Rec1 Rbd8 25. Rd1 Bc3 26.
Rxd8 Rxd8 27. Rc1 Bb2 28. Re1 Bc3 29. Re3 Bd2 30. Nxd2 Rxd2 31. a4 Rd1+ 32.
Kh2 Rd3 33. Rxd3 Bxd3 34. Be3 a6 35. a5 Bb1 36. Ba7 Ba2 37. Bb8 Bxb3 38. c5
Kf8 39. Bxc7 Ke7 40. Kg3 Ke6 41. h4 Kd5 42. Bd6 Ke6 43. Kf4 f6 44. g4 fxe5+
45. Bxe5 Bc4 46. Bd6 Bb5 47. Kg5 Kf7 48. h5 Ke6 49. Bf8 Kf7 50. Bd6 g6 51.
h6 Ke6 52. Bf8 Ke5 53. Bg7+ Ke6 54. Bf8 Kf7 55. Bd6 Ke6 56. Bf8 Bd3 57. Bd6
Be2 58. Bf8 Kf7 59. Bd6 Bf1 60. Bc7 Ke7 61. Bd6+ Ke6 62. Bf8 Bb5 63. Bd6 Ba4
64. Bf8 Bb5 65. Bd6 Bf1 66. Bf8 Kf7 67. Bd6 Bd3 68. Bc7 Ke6 69. Bd6 Be4 70.
Bf8 Bd3 71. Bd6 Kf7 72. Bc7 Bb5 73. Bd6 Ke6 74. Bf8 Bd3 75. Bd6
{Game drawn by repetition}
1/2-1/2

[Event "ICC tourney 1904 (10 3)"]
[Site "Internet Chess Club"]
[Date "2020.07.05"]
[Round "7"]
[White "knighthawkmill"]
[Black "MIEMBR"]
[Result "0-1"]
[ICCResult "White checkmated"]
[WhiteElo "1477"]
[BlackElo "1569"]
[Opening "Queen's pawn game"]
[ECO "E10"]
[NIC "QI.01"]
[Time "15:44:03"]
[TimeControl "600+3"]

1. d4 Nf6 2. c4 e6 3. Nf3 d5 4. g3 dxc4 5. Qa4+ c6 6. Qxc4 b5 7. Qc2 Bb7 8.
Bg2 Be7 9. O-O O-O 10. Nbd2 Qb6 11. Nb3 Nbd7 12. Bg5 h6 13. Bd2 c5 14. Ba5
Qc6 15. Bc3 Qc7 16. dxc5 Nxc5 17. Ba5 Qc8 18. Rac1 Be4 19. Qc3 Nxb3 20. Qxb3
Qa6 21. Bd2 Bd5 22. Qe3 Qxa2 23. Rc7 Bd6 24. Rcc1 Qa6 25. Bc3 Be7 26. Ra1
Qb7 27. Rfd1 b4 28. Be5 Ng4 29. Qd4 Nxe5 30. Qxe5 Bf6 31. Qf4 Bxb2 32. Rab1
Bc3 33. e4 Bxe4 34. Rbc1 Rad8 35. Nh4 Bxg2 36. Nxg2 e5 37. Qh4 Qb6 38. Ne3
Bd4 39. Rd3 Bxe3 40. Rxe3 Qd6 41. Rce1 f6 42. Qc4+ Kh8 43. Rb3 a5 44. Ree3
Qd1+ 45. Kg2 Qd5+ 46. Qxd5 Rxd5 47. Re1 Rb8 48. Ra1 Rdb5 49. Rb2 b3 50. Ra3
Rc5 51. Raxb3 Rxb3 52. Rxb3 a4 53. Ra3 Ra5 54. h4 h5 55. Kf3 Kh7 56. Ke4 Kg6
57. Kd3 Kf5 58. Kc4 e4 59. Kb4 Ra8 60. Kc4 Ke5 61. Kc3 g5 62. hxg5 fxg5 63.
Kb4 h4 64. gxh4 gxh4 65. Kc4 Kf4 66. Kb4 Kg4 67. Kc4 h3 68. Kd4 h2 69. Ra1
Kf3 70. Rh1 Kg2 71. Rxh2+ Kxh2 72. Kxe4 a3 73. f4 a2 74. f5 a1=Q 75. Kd5 Qf6
76. Ke4 Ra4+ 77. Ke3 Qxf5 78. Ke2 Re4+ 79. Kd1 Qd5+ 80. Kc2 Rc4+ 81. Kb2
Qb5+ 82. Ka3 Ra4# {White checkmated} 0-1

[Event "ICC tourney 1904 (10 3)"]
[Site "Internet Chess Club"]
[Date "2020.07.05"]
[Round "8"]
[White "Ghostrook"]
[Black "atharvamchess"]
[Result "1-0"]
[ICCResult "Black resigns"]
[WhiteElo "1360"]
[BlackElo "1241"]
[Opening "Ruy Lopez: closed, Averbach variation"]
[ECO "C79"]
[NIC "RL.16"]
[Time "16:15:13"]
[TimeControl "600+3"]

1. e4 e5 2. Nf3 Nc6 3. Bb5 a6 4. Ba4 Nf6 5. O-O d6 6. Re1 Be7 7. c3 O-O 8.
h3 h6 9. Bc2 b5 10. d4 exd4 11. cxd4 Bb7 12. Nc3 Qd7 13. a3 Na5 14. Qd3 g6
15. Bxh6 Rfe8 16. e5 dxe5 17. Nxe5 Qd6 18. Nxf7 Nh7 19. Nxd6 {Black resigns}
1-0

[Event "ICC tourney 1904 (10 3)"]
[Site "Internet Chess Club"]
[Date "2020.07.05"]
[Round "8"]
[White "Sricharan07"]
[Black "tigerche207"]
[Result "1-0"]
[ICCResult "Black resigns"]
[WhiteElo "1595"]
[BlackElo "1491"]
[Opening "Ruy Lopez: open, St. Petersburg variation"]
[ECO "C82"]
[NIC "RL.30"]
[Time "16:15:18"]
[TimeControl "600+3"]

1. e4 e5 2. Nf3 Nc6 3. Bb5 a6 4. Ba4 Nf6 5. O-O Nxe4 6. d4 b5 7. Bb3 d5 8.
dxe5 Be6 9. c3 Bc5 10. Nbd2 Nxd2 11. Bxd2 O-O 12. Bf4 Qd7 13. Nd4 Rad8 14.
Bc2 Ne7 15. Bg3 Bb6 16. Qd3 g6 17. Bh4 Rde8 18. Bf6 c5 19. Qd2 Bf5 20. Qh6
{Black resigns}
1-0

[Event "ICC tourney 1904 (10 3)"]
[Site "Internet Chess Club"]
[Date "2020.07.05"]
[Round "8"]
[White "jojoraman"]
[Black "MGrei"]
[Result "1-0"]
[ICCResult "Black resigns"]
[WhiteElo "1228"]
[BlackElo "1207"]
[Opening "Sicilian: Anderssen variation"]
[ECO "B41"]
[NIC "SI.41"]
[Time "16:14:57"]
[TimeControl "600+3"]

1. e4 c5 2. Nf3 e6 3. d4 cxd4 4. Nxd4 Nf6 5. Nc3 a6 6. Be3 Nc6 7. Be2 Bb4 8.
Nxc6 bxc6 9. Bd2 Bxc3 10. Bxc3 O-O 11. O-O Nxe4 12. Bd4 c5 13. Bf3 cxd4 14.
Bxe4 Rb8 15. Qxd4 Qh4 16. Qd3 Rxb2 17. Bf3 Bb7 18. Qc3 Bxf3 19. Qxf3 Rxc2
20. Qd3 Rfc8 21. g3 Qe7 22. Qxa6 Qd6 23. Qxd6 R2c7 24. Rab1 Rc6 25. Qxd7 Kf8
26. Rb7 {Black resigns} 1-0